 Dungeon Sprint DCSS version 0.31-a0-971-g75a2e9a4b4 (webtiles) character file.

Game seed: 10992716343914293789

723 fozzywoppz the Basher (level 7, -1/72 HPs)
             Began as a Minotaur Gladiator on Oct 28, 2023.
             Was a Follower of Okawaru.
             Slain by a catoblepas (7 damage)
             ... while petrified by a catoblepas
             ... in the Dungeon (Sprint IX: "|||||||||||||||||||||||||||||").
             The game lasted 00:04:39 (250 turns).

fozzywoppz the Basher (Minotaur Gladiator)           Turns: 250, Time: 00:04:39

Health: -1/72      AC: 11    Str: 21    XL:     7   Next: 43%
Magic:  12/12      EV:  2    Int: 11    God:    Okawaru [*.....]
Gold:   0          SH:  0    Dex: 11    Spells: 6/6 levels left

rFire   . . .        a - +3 flail (freeze)
rCold   . . .        (no shield)
rNeg    + + +        q - +1 chain mail
rPois   ∞            c - +0 hat
rElec   .            s - +0 cloak
rCorr   .            (no gloves)
SInv    .            r - +0 pair of boots
Will    .....        (no amulet) Stlth
                     o - +3 ring of intelligence
HPRegen 0.32/turn    p - +3 ring of intelligence
MPRegen 0.13/turn

%: no teleportation
@: petrified
A: horns 2, retaliatory headbutt
a: Renounce Religion, Heroism


You were in the Dungeon.
You worshipped Okawaru.
Okawaru was aware of your devotion.
You visited 1 branch

Inventory:

Hand Weapons
 a - a +3 flail of freezing (weapon)
 b - a +2 heavy morningstar
Missiles
 d - 3 throwing nets (quivered)
 e - a javelin
Armour
 c - a +0 hat (worn)
 q - a +1 chain mail (worn)
 r - a +0 pair of boots (worn)
 s - a +0 cloak (worn)
Jewellery
 o - a +3 ring of intelligence (left hand)
 p - a +3 ring of intelligence (right hand)
Wands
 n - a wand of iceblast (7)
Scrolls
 k - a scroll of blinking
 m - 2 scrolls of amnesia
Potions
 f - 5 potions of curing
 g - a potion of heal wounds
 h - a potion of haste
 i - 4 potions of magic
 l - a potion of invisibility


   Skills:
 + Level 10.0 Fighting
 + Level 12.5 Maces & Flails
 - Level 5.0 Throwing
 - Level 5.0 Dodging
 + Level 8.1 Invocations


You had 6 spell levels left.
You didn't know any spells.
Your spell library was empty.

Dungeon Overview and Level Annotations

Branches:
Dungeon (1/1)

Altars:
Cheibriados
Dithmenos
Elyvilon
Fedhas
Gozag
Hepliaklqana
Kikubaaqudgha
Makhleb
Nemelex Xobeh
Okawaru
Qazlal
Ru
Sif Muna
Trog
Uskayaw
Vehumet
Wu Jian
Xom
Yredelemnul
Zin
The Shining One
Jiyva
Lugonu


Innate Abilities, Weirdness & Mutations

You have a pair of horns on your head.
You reflexively headbutt those who attack you in melee.


Message History

The tengu warrior claws you but does no damage.
The catoblepas breathes a plume of calcifying dust at you.
The blast of calcifying dust hits you.
The blast of calcifying dust hits the tengu warrior.
You are engulfed in calcifying dust.
The tengu warrior is engulfed in calcifying dust.
The tengu warrior is moving more slowly.
The tengu warrior hits you with a +0 battleaxe!
The tengu warrior pecks you but does no damage.
The tengu warrior claws you. The catoblepas gores you!!
You turn to flesh and can move again.
Okay, then.
Okay, then.
You bludgeon the catoblepas!! You freeze the catoblepas.
The catoblepas is moderately wounded.
You are engulfed in calcifying dust.
You are slowing down.
The tengu warrior is engulfed in calcifying dust.
The tengu warrior stops moving altogether!
The catoblepas gores you.
The slime creature jiggles.
You hit the catoblepas. You freeze the catoblepas.
You headbutt the catoblepas, but do no damage.
The catoblepas is moderately wounded.
You are engulfed in calcifying dust.
The centaur warrior is no longer petrified.
The tengu warrior is engulfed in calcifying dust.
The catoblepas gores you.
Your limbs are stiffening.
You hit the catoblepas. You freeze the catoblepas.
The catoblepas is moderately wounded.
You are engulfed in calcifying dust.
Your limbs have turned to stone.
The tengu warrior is engulfed in calcifying dust.
The catoblepas gores you!
* * * LOW HITPOINT WARNING * * *
You have turned to stone.
The tengu warrior is engulfed in calcifying dust.
The catoblepas gores you!
* * * LOW HITPOINT WARNING * * *
The catoblepas gores you!
You die... ▓▓▓▓▓▓▓▓▓▓▓▓▓▓▓▓▓▓▓▓▓▓▓▓▓▓ Ju..JuTcY@Q§)'....[.)..'__ ▓▓▓▓▓▓▓▓▓▓▓▓▓▓▓▓▓▓▓▓▓▓▓▓▓▓

You could see a catoblepas, a red ugly thing, a slime creature, a tengu warrior (petrified), a centaur warrior and a troll.

Vanquished Creatures
  2 yaks (D)
  An acid dragon (D)
  A centaur (D)
  A phantom (D)
  A scorpion (D)
  A wight (D)
  An iguana (D)
  An orc wizard (D)
  An adder (D)
  An orc (D)
  2 bats (D)
  A hobgoblin (D)
  A jackal (D)
  A rat (D)
16 creatures vanquished.

Notes
Turn   | Place    | Note
-------+----------+-------------------------------------------
     0 | D        | fozzywoppz the Minotaur Gladiator began the quest for the
                  | Orb.
     0 | D        | Reached XP level 1. HP: 18/18 MP: 0/0
     8 | D        | Reached skill level 4 in Maces & Flails
    19 | D        | Noticed a phantom
    19 | D        | Noticed an iguana
    19 | D        | Noticed a scorpion
    21 | D        | Killed a scorpion
    22 | D        | Reached skill level 5 in Fighting
    22 | D        | Reached skill level 5 in Maces & Flails
    22 | D        | Reached skill level 5 in Dodging
    22 | D        | Reached XP level 2. HP: 23/29 MP: 1/1
    22 | D        | Reached XP level 3. HP: 29/36 MP: 2/2
    27 | D        | Reached skill level 6 in Maces & Flails
    27 | D        | Reached XP level 4. HP: 31/44 MP: 3/3
    30 | D        | Reached skill level 5 in Throwing
    35 | D        | Killed a phantom
    36 | D        | Reached skill level 8 in Maces & Flails
    36 | D        | Reached XP level 5. HP: 29/53 MP: 4/4
    45 | D        | Found a snail-covered altar of Cheibriados.
    45 | D        | Found a shadowy altar of Dithmenos.
    45 | D        | Found a white marble altar of Elyvilon.
    45 | D        | Found a blossoming altar of Fedhas.
    45 | D        | Found an opulent altar of Gozag.
    46 | D        | Found a hazy altar of Hepliaklqana.
    47 | D        | Found a viscous altar of Jiyva.
    48 | D        | Found an ancient bone altar of Kikubaaqudgha.
    49 | D        | Found a corrupted altar of Lugonu.
    50 | D        | Found a burning altar of Makhleb.
    51 | D        | Found a sparkling altar of Nemelex Xobeh.
    52 | D        | Found an iron altar of Okawaru.
    53 | D        | Found a stormy altar of Qazlal.
    54 | D        | Found a sacrificial altar of Ru.
    55 | D        | Found a shimmering blue altar of Sif Muna.
    56 | D        | Found a bloodstained altar of Trog.
    57 | D        | Found a hide-covered altar of Uskayaw.
    58 | D        | Found a radiant altar of Vehumet.
    59 | D        | Found an ornate altar of the Wu Jian Council.
    60 | D        | Became a worshipper of Warmaster Okawaru
    61 | D        | Found a shimmering altar of Xom.
    62 | D        | Found a basalt altar of Yredelemnul.
    63 | D        | Found a glowing silver altar of Zin.
    64 | D        | Found a glowing golden altar of the Shining One.
   129 | D        | Noticed a yak
   129 | D        | Noticed a yak
   129 | D        | Noticed an acid dragon
   129 | D        | Noticed a centaur
   136 | D        | Reached skill level 9 in Maces & Flails
   138 | D        | Killed a centaur
   139 | D        | Reached XP level 6. HP: 31/64 MP: 4/7
   140 | D        | Killed an acid dragon
   141 | D        | Reached skill level 10 in Fighting
   141 | D        | Reached skill level 10 in Maces & Flails
   141 | D        | Reached skill level 5 in Invocations
   144 | D        | Killed a yak
   144 | D        | Reached * piety under Okawaru
   145 | D        | Reached skill level 11 in Maces & Flails
   145 | D        | Reached XP level 7. HP: 70/72 MP: 4/11
   148 | D        | Killed a yak
   149 | D        | Reached skill level 12 in Maces & Flails
   234 | D        | Noticed a slime creature
   234 | D        | Noticed a red ugly thing
   234 | D        | Noticed a troll
   234 | D        | Noticed a centaur warrior
   234 | D        | Noticed a catoblepas
   234 | D        | Noticed a tengu warrior
   250 | D        | Slain by a catoblepas

Illustrated notes

Levels and vault maps discovered:
D:        linesprint [early_d, line_temple, items_1, d_10, items_2, lair_1,
          lair_end, items_3, orc_1, orc_end, items_4, d_15, swamp_1, shoals_1,
          snake_1, spider_1, d_20, vaults_1, items_5, swamp_end, shoals_end,
          snake_end, spider_end, vaults_end, d_27, items_6, zot_1, zot_end,
          crypt_end, forest_end, elf_end, slime_end, tomb_end, abyss_end,
          pan_hell_end]

Skill      XL: |  1  2  3  4  5  6  7 |
---------------+----------------------+-----
Fighting       | 5 8 9 10 | 10.0
Maces & Flails | 5 6 8 9 11 12 | 12.5
Throwing       | 4 5 |  5.0
Dodging        | 5 |  5.0
Invocations    | 3 7 8 |  8.1

Action                     |  1- 3 |  4- 6 |  7- 9 || total
---------------------------+-------+-------+-------++-------
  Melee: Flail             |    16 |    10 |     3 ||    29
         Headbutt          |     2 |     4 |     2 ||     8
         Morningstar       |       |     8 |     5 ||    13
  Evoke: Wand              |       |     2 |     1 ||     3
    Use: Potion            |       |     3 |       ||     3
         Scroll            |       |       |     1 ||     1
 Armour: Leather armour    |     5 |     4 |       ||     9
         Chain mail        |       |    10 |    23 ||    33
  Dodge: Dodged            |    11 |    11 |     1 ||    23

Table legend: (Time is in decaauts)
 A = Elapsed time spent in this place.
 B = Non-inter-level travel time spent in this place.
 C = Inter-level travel time spent in this place.
 D = Time resting spent in this place.
 E = Time spent auto-exploring this place.
 F = Levels seen in this place.
 G = Mean time per level.
                   A        B        C        D        E       F      G
               +--------+--------+--------+--------+--------+-----+--------+
         Total |    268 |    268 |      0 |     79 |      0 |   1 |  268.0 |
       Dungeon |    268 |    268 |      0 |     79 |      0 |   1 |  268.0 |
               +--------+--------+--------+--------+--------+-----+--------+

Top non-repeatable levels by time:
       D: 268 daAuts
